 Dungeon Crawl Stone Soup version 0.29-a0-872-g797fff5ad1 (webtiles) character file.

Game seed: 2835047981505504060

167 buhh the Insei (level 5, 0/34 (35) HPs)
             Began as an Octopode Transmuter on July 18, 2022.
             Was an Initiate of Cheibriados.
             Slain by a wight
             ... wielding a +0 hand axe
              (7 damage)
             ... in the Ecumenical Temple.
             The game lasted 00:05:42 (3786 turns).

buhh the Insei (Octopode Transmuter)                Turns: 3786, Time: 00:05:42

HP:   0/34 (35)     AC:  1    Str: 10    XL:     5   Next: 48%
MP:   2/8           EV: 14    Int: 18    God:    Cheibriados [......]
Gold: 63            SH:  0    Dex: 14    Spells: 2/8 levels left

rFire   . . .      SeeInvis .     - Unarmed
rCold   . . .      Faith    .   (no shield)
rNeg    . . .      Spirit   .   (helmet restricted)
rPois   .          Reflect  .   (no amulet)
rElec   .          Harm     .   i - ring of willpower
rCorr   .          Rampage  .   (no ring)
Will    +....                   (no ring)
Stlth   +++.......              (no ring)
HPRegen 0.11/turn               (no ring)
MPRegen 0.11/turn               (no ring)
                                (no ring)
                                (no ring)

@: very slightly contaminated, lightly drained, slow
A: almost no armour, amphibious, 8 rings, camouflage 1, gelatinous body 1,
(nimble swimmer 1), tentacles
a: Renounce Religion


You were in the Ecumenical Temple.
You worshipped Cheibriados.
Cheibriados was noncommittal.
You visited 2 branches of the dungeon, and saw 5 of its levels.

You collected 63 gold pieces.

Inventory:

Jewellery
 i - a ring of willpower (left tentacle)
Scrolls
 d - a scroll of summoning {unknown}
 f - a scroll of identify {unknown}
 g - 2 scrolls of amnesia {unknown}
 j - a scroll of silence {!r}
Potions
 a - a potion of invisibility {unknown}
 s - a potion of resistance {!d}
 v - a potion of curing {!d}


   Skills:
 + Level 2.7 Fighting
 + Level 3.3 Dodging
 - Level 2.0 Stealth
 + Level 4.0 Unarmed Combat
 - Level 2.0 Spellcasting
 - Level 2.0 Transmutations
 - Level 1.0 Poison Magic


You had 2 spell levels left.
You knew the following spells:

 Your Spells              Type           Power      Damage    Failure   Level
a - Beastly Appendage     Tmut           18%        N/A       8%          1
b - Wereblood             Tmut           9%         N/A       12%         2
c - Spider Form           Tmut/Pois      7%         N/A       28%         3

Your spell library contained the following spells:

 Spells                   Type           Power      Damage    Failure   Level
 Poisonous Vapours        Pois/Air       6%         N/A       22%         2
 Ice Form                 Ice/Tmut       5%         N/A       75%         4
 Corpse Rot               Necr/Pois/Air  2%         N/A       85%         4


Dungeon Overview and Level Annotations

Branches:
Dungeon (6/15) Zot: 30425  Temple (1/1) D:6 Zot: 8994

Altars:
Cheibriados
Hepliaklqana
Kikubaaqudgha
Qazlal
Yredelemnul

Shops:
D:2 *

Annotations:
D:2 Sigmund


Innate Abilities, Weirdness & Mutations

You cannot wear most types of armour.
You are amphibious.
You can wear up to eight rings at the same time.
Your skin changes colour to match your surroundings (Stealth+).
Your rubbery body absorbs attacks. (AC +1, EV +1)
((You are camouflaged when in or above water. (Stealth+)))
You have tentacles for arms and can constrict up to eight enemies at once.


Message History

You start resting.
Your magical contamination has completely faded away.
You start resting.
Magic restored.
You start resting.
HP restored.
A wight comes into view. It is wielding a +6 flail.
A wight comes into view. It is wielding a +0 hand axe.
Things that are here:
a +3 flail; a +0 robe A lemure comes into view.
There is a staircase to the Ecumenical Temple here.
You miscast Spider Form.
You are very lightly contaminated with residual magic.
You feel very strange.
You miscast Spider Form.
Nothing appears to happen.
The wight hits you with a +0 hand axe!
You climb downwards.
Welcome to the Ecumenical Temple!
There is a staircase back to the Dungeon here.
You tentacle-slap the wight. You grab the wight.
The wight is moderately damaged.
You constrict the wight, but do no damage.
The wight hits you with a +0 hand axe.
You tentacle-slap the wight but do no damage.
The wight is moderately damaged.
You constrict the wight, but do no damage.
The wight hits you with a +0 hand axe!
You feel drained.
You tentacle-slap the wight.
You tentacle-slap the wight, but do no damage.
The wight is heavily damaged.
You constrict the wight. The wight hits you with a +0 hand axe!
* * * LOW HITPOINT WARNING * * *
You tentacle-slap the wight but do no damage.
The wight is heavily damaged.
You constrict the wight, but do no damage.
You tentacle-slap the wight.
The wight is severely damaged.
You constrict the wight, but do no damage.
The wight hits you with a +0 hand axe!
You die...

≈≈≈≈≈≈≈≈≈≈≈≈≈≈≈
≈≈≈≈≈≈≈≈≈≈≈≈≈≈≈
≈≈≈≈≈≈≈≈≈≈≈≈≈≈≈
≈≈≈≈≈≈≈....≈.♣.
≈≈≈≈≈≈.........
≈≈≈≈≈..........
≈≈≈≈...........
≈≈≈....@P...#
≈≈.....z..###
≈.......###
≈......##
.♣..... .....P.
....... .....P.


You could see a wight.

Vanquished Creatures
  A lemure (D:6)
  A wight (D:6)
  A hound (D:2)
  A gnoll (D:3)
  3 adders (D:3)
  A shadow imp (D:6)
  An orc (D:2)
  2 endoplasms
  A giant cockroach (D:2)
  4 goblins
  4 hobgoblins
  4 jackals (D:1)
  2 quokkas
  7 bats
  7 frilled lizards
  3 kobolds
  A rat (D:1)
44 creatures vanquished.

Notes
Turn   | Place    | Note
-------+----------+-------------------------------------------
     0 | D:1      | buhh the Octopode Transmuter began the quest for the Orb.
     0 | D:1      | Reached XP level 1. HP: 13/13 MP: 3/3
   252 | D:1      | Reached skill level 1 in Stealth
   255 | D:1      | Reached XP level 2. HP: 18/18 MP: 3/5
   259 | D:1      | Reached skill level 1 in Poison Magic
   881 | D:1      | Found a faded altar of an unknown god.
  1539 | D:2      | Reached XP level 3. HP: 18/23 MP: 4/6
  1639 | D:2      | Learned a level 2 spell: Wereblood
  1643 | D:2      | Learned a level 3 spell: Spider Form
  1864 | D:2      | Found Tipad's Assorted Antiques.
  2091 | D:2      | Found a stormy altar of Qazlal.
  2136 | D:2      | Noticed Sigmund
  2419 | D:2      | Reached XP level 4. HP: 16/29 MP: 7/7
  3530 | D:3      | You fall into a shaft and drop 3 floors!
  3546 | D:6      | Noticed a phantom
  3566 | D:6      | Found an ancient bone altar of Kikubaaqudgha.
  3568 | D:6      | Found a snail-covered altar of Cheibriados.
  3570 | D:6      | Found a basalt altar of Yredelemnul.
  3572 | D:6      | Became a worshipper of Cheibriados the Contemplative
  3574 | D:6      | Found a hazy altar of Hepliaklqana.
  3576 | D:6      | Noticed a lemure
  3578 | D:6      | Reached XP level 5. HP: 35/35 MP: 6/8
  3587 | D:6      | Killed a lemure
  3610 | D:6      | Noticed a lemure
  3625 | D:6      | Found a staircase to the Ecumenical Temple.
  3654 | D:6      | Reached skill level 4 in Unarmed Combat
  3774 | D:6      | Noticed a lemure
  3781 | Temple   | Entered the Ecumenical Temple
  3786 | Temple   | Slain by a wight

Illustrated notes

Levels and vault maps discovered:
D:1:      minmay_arrival_four_circles, layout_basic,
          shapermc_ecumenical_altar_pompeii
D:2:      layout_basic, basic_altar, serial_curves, eino_curves_03,
          eino_curves_04, serial_shops, shop, nicolae_kite_square_tiling_tiny,
          uniq_sigmund
D:3:      layout_loops_ring, nicolae_ashenzari_skybound, uniq_jessica
D:6:      layout_rooms, nicolae_overflow_hallway_of_the_gods,
          minmay_temple_entry_arrows, uniq_pikel
Temple:   jpeg_temple_island

Skill      XL: |  1  2  3  4  5 |
---------------+----------------+-----
Stealth        | 1 2 |  2.0
Poison Magic   | 1 |  1.0
Fighting       | 2 |  2.7
Dodging        | 3 |  3.3
Unarmed Combat | 4 |  4.0
Spellcasting   | |  2.0
Transmutations | |  2.0

Action                   |  1- 3 |  4- 6 || total
-------------------------+-------+-------++-------
Melee: Unarmed           |    78 |    33 ||   111
       Constrict         |    15 |     7 ||    22
       Tentacles         |    13 |     8 ||    21
       Kick              |    11 |     2 ||    13
       Punch             |     2 |     2 ||     4
 Cast: Beastly Appendage |    22 |     4 ||    26
       Spider Form       |       |     2 ||     2
  Use: Potion            |     1 |     2 ||     3
       Scroll            |     6 |     2 ||     8
 Stab: Sleeping          |     7 |     1 ||     8
Armor: Skin              |    28 |     1 ||    29
Dodge: Dodged            |    36 |    16 ||    52

Table legend: (Time is in decaauts)
 A = Elapsed time spent in this place.
 B = Non-inter-level travel time spent in this place.
 C = Inter-level travel time spent in this place.
 D = Time resting spent in this place.
 E = Time spent auto-exploring this place.
 F = Levels seen in this place.
 G = Mean time per level.
                   A        B        C        D        E       F      G
               +--------+--------+--------+--------+--------+-----+--------+
         Total |   3793 |   3664 |    129 |   1377 |   1681 |   5 |  758.6 |
       Dungeon |   3789 |   3660 |    129 |   1377 |   1681 |   4 |  947.2 |
        Temple |      4 |      4 |      0 |      0 |      0 |   1 |    4.0 |
               +--------+--------+--------+--------+--------+-----+--------+

Top non-repeatable levels by time:
     D:1: 1514 daAuts
     D:2: 1475 daAuts
     D:3: 536 daAuts
     D:6: 264 daAuts
  Temple: 4 daAuts
